 Dungeon Crawl Stone Soup version 0.27-a0-1256-gced786f65e (webtiles) character file.

Game seed: 5508330700117830515

120 mdonais the Sneak (level 5, 0/38 HPs)
             Began as an Octopode Delver on June 10, 2021.
             Succumbed to an adder's poison
             ... on level 5 of the Dungeon.
             The game lasted 00:03:54 (481 turns).

mdonais the Sneak (Octopode Delver)                  Turns: 481, Time: 00:03:54

Health: 0/38       AC:  1    Str: 11    XL:     5   Next: 4%
Magic:  5/5        EV: 13    Int: 13    God:
Gold:   0          SH:  0    Dex: 14    Spells: 4/4 levels left

rFire    . . .     SeeInvis +   a - +0 short sword
rCold    . . .     Faith    .   (no shield)
rNeg     . . .     Spirit   .   (helmet restricted)
rPois    .         Reflect  .   (no amulet)
rElec    .         Harm     .   s - ring of see invisible
rCorr    .         Rampage  .   (no ring)
Will     .....                  (no ring)
Stlth    ++++......             (no ring)
HPRegen  0.12/turn              (no ring)
MPRegen  0.09/turn              (no ring)
                                (no ring)
                                (no ring)

@: lethally poisoned (0 -> -7), flying
A: almost no armour, amphibious, 8 rings, camouflage 1, gelatinous body 1,
(nimble swimmer 1), tentacles
a: no special abilities


You were on level 5 of the Dungeon.
You visited 1 branch of the dungeon, and saw 1 of its levels.
You also visited: Ossuary.

Inventory:

Hand Weapons
 a - a +0 short sword (weapon)
Missiles
 c - 17 arrows
 n - 24 bolts
Jewellery
 s - a ring of see invisible (left tentacle)
   (You found it on level 5 of the Dungeon)
Wands
 D - a wand of digging (3)
Scrolls
 b - a scroll of fog
 d - a scroll of fear
 e - a scroll of enchant weapon {unknown}
 f - a scroll of enchant armour {unknown}
 g - 2 scrolls of identify {unknown}
 h - a scroll of torment {unknown}
 k - a scroll of holy word {unknown}
 m - a scroll of teleportation {unknown}
Potions
 i - a potion of attraction {unknown}
 j - a potion of heal wounds {unknown}
 l - a potion of flight


   Skills:
 + Level 4.4 Fighting
 + Level 3.8 Short Blades
 - Level 2.0 Dodging
 - Level 6.6 Stealth


You had 4 spell levels left.
You didn't know any spells.
Your spell library was empty.

Dungeon Overview and Level Annotations

Branches:
Dungeon (5/15)            Ossuary (visited)
 Temple: D:4-7

Altars:


Innate Abilities, Weirdness & Mutations

You cannot wear most types of armour.
You are amphibious.
You can wear up to eight rings at the same time.
Your skin changes colour to match your surroundings (Stealth+).
Your rubbery body absorbs attacks. (AC +1, EV +1)
((You are camouflaged near water. (Stealth+)))
You have tentacles for arms and can constrict up to eight enemies at once.


Message History

You hit the centaur zombie.
The centaur zombie is moderately damaged.
You hit the centaur zombie but do no damage.
The centaur zombie is moderately damaged.
The centaur zombie barely misses you.
The centaur zombie completely misses you.
You hit the centaur zombie.
The centaur zombie is heavily damaged.
The centaur zombie barely misses you. x2
You hit the centaur zombie.
The centaur zombie is heavily damaged.
The centaur zombie hits you but does no damage.
The centaur zombie kicks you.
You take 1 damage, and have 20/21 hp.
You hit the centaur zombie. You squeeze the centaur zombie.
The centaur zombie is severely damaged.
The centaur zombie closely misses you. The centaur zombie kicks you.
You take 1 damage, and have 19/21 hp.
You barely miss the centaur zombie.
The centaur zombie is severely damaged.
The centaur zombie misses you. The centaur zombie kicks you.
You take 1 damage, and have 18/21 hp.
You hit the centaur zombie but do no damage.
You squeeze the centaur zombie.
The centaur zombie is severely damaged.
The centaur zombie closely misses you. The centaur zombie barely misses you.
You hit the centaur zombie. You squeeze the centaur zombie.
You destroy the centaur zombie!
Your Short Blades skill increases to level 3!
You have reached level 3!
Your experience leads to an increase in your attributes!
Increase (S)trength, (I)ntelligence, or (D)exterity?
You feel agile.
You regained 6 hp, and now have 24/27 hp.
MP restored: 3 You barely miss the elf zombie.
You grab the elf zombie. You squeeze the elf zombie!
The elf zombie is lightly damaged.
You constrict the elf zombie, but do no damage.
You hit the elf zombie.
The elf zombie is lightly damaged.
You constrict the elf zombie. The elf zombie hits you.
You take 2 damage, and have 22/27 hp.
You hit the elf zombie.
The elf zombie is moderately damaged.
You constrict the elf zombie, but do no damage.
You hit the elf zombie. You squeeze the elf zombie!
The elf zombie is moderately damaged.
You constrict the elf zombie. The elf zombie closely misses you.
You hit the elf zombie.
The elf zombie is heavily damaged.
You constrict the elf zombie. You hit the elf zombie.
The elf zombie is heavily damaged.
You constrict the elf zombie. The elf zombie hits you.
You take 1 damage, and have 21/27 hp.
You hit the elf zombie.
The elf zombie is heavily damaged.
You constrict the elf zombie.
You hit the elf zombie but do no damage.
The elf zombie is heavily damaged.
You constrict the elf zombie. The elf zombie hits you!
You take 7 damage, and have 14/27 hp.
MASSIVE DAMAGE!!
You hit the elf zombie.
The elf zombie is severely damaged.
You constrict the elf zombie. You hit the elf zombie.
The elf zombie is severely damaged.
You constrict the elf zombie. The elf zombie hits you.
You take 4 damage, and have 10/27 hp.
You hit the elf zombie.
The elf zombie is severely damaged.
You constrict the elf zombie. You hit the elf zombie.
The elf zombie is almost destroyed.
You constrict the elf zombie.
The elf zombie hits you but does no damage.
You hit the elf zombie.
The elf zombie is almost destroyed.
You constrict the elf zombie. You hit the elf zombie.
You destroy the elf zombie!
Your Fighting skill increases to level 4!
You have reached level 4!
You regained 3 hp, and now have 14/34 hp.
MP restored: 4
There is a gate leading back out of this place here.
There is a collapsed entrance here.
Your extra speed is starting to run out.
There is an empty arch of ancient stone here.
You feel yourself slow down.
You start resting.
HP restored.
Health restored: 34
Found 24 bolts.
An adder comes into view.
n - 24 bolts
There is a stone staircase leading up here.
The adder hisses angrily.
You hear a shout!
An ufetubus comes into view.
There is a stone staircase leading up here.
You hit the adder. Your grab misses the adder.
The adder is moderately wounded.
The adder closely misses you.
You closely miss the adder. Your grab misses the adder.
Your squeeze misses the adder.
The adder is moderately wounded.
The adder bites you.
You are poisoned.
The adder poisons you! The adder bites you.
You are more poisoned.
The adder poisons you!
You take 6 damage, and have 28/34 hp.
You closely miss the adder. You grab the adder.
The adder is moderately wounded.
You constrict the adder.
You feel very sick. The ufetubus hits you. The ufetubus closely misses you.
The adder bites you. The ufetubus hits you. x2
You take 8 damage, and have 20/34 hp.
MASSIVE DAMAGE!!
You hit the adder.
You squeeze the adder, but do no damage.
The adder is heavily wounded.
You constrict the adder.
You feel sick. The adder misses you. The ufetubus closely misses you.
The ufetubus misses you.
You take 2 damage, and have 18/34 hp.
You hit the adder but do no damage.
The adder is severely wounded.
You constrict the adder.
You feel sick. The adder bites you.
You are more poisoned.
The adder poisons you! The ufetubus hits you.
* * * LOW HITPOINT WARNING * * *
The ufetubus barely misses you.
You take 9 damage, and have 9/34 hp.
MASSIVE DAMAGE!!
You hit the adder.
You kill the adder!
* * * LOW HITPOINT WARNING * * *
You feel sick. The ufetubus completely misses you. The ufetubus hits you.
* * * LOW HITPOINT WARNING * * *
The ufetubus completely misses you. The ufetubus hits you.
* * * LOW HITPOINT WARNING * * *
You have reached level 5!
You feel clever.
You take 8 damage, and have 1/38 hp.
MASSIVE DAMAGE!!
MP restored: 5 It was a potion of flight.
You feel very buoyant.
You fly up into the air.
l - a potion of flight;
e - a scroll labelled IDEER MOPAH You die...

****,**,,,,,* *,,,,,,,,,,,,* *
**,,***#.* *.......,,,,,* **,**
#.## *.......,,,,,* *,,* #..#
##.......,,,,** *,,* *..##
#........,,,,* ** ##,** *#..#
#........,,,****, **#..**
#..###........,,,,*,,*
,,,...######...#.........,,,,,,**
,,**#.....##...#@........,,,,,**
*** ***#.........5.####...Y*,**
*** ##..........## *,(..*,* .,**
#...........### *...(,,*
...####...###.......###..,,,,**
.........####...........,****,**
####.....# #..##..##..##** **,**
** ###..####..#........## **,*
,** #...#..............# **,


You could see an ufetubus.

Vanquished Creatures
  An elf zombie (Ossuary)
  A centaur zombie (Ossuary)
  A mummy (Ossuary)
  An adder (D:5)
4 creatures vanquished.

Notes
Turn   | Place    | Note
-------+----------+-------------------------------------------
     0 | D:5      | mdonais the Octopode Delver began the quest for the Orb.
     0 | D:5      | Reached XP level 1. HP: 16/16 MP: 1/1
     2 | D:5      | Noticed a sky beast
    39 | D:5      | Found a sand-covered staircase.
   107 | Ossuary  | Entered an ossuary
   183 | Ossuary  | Reached XP level 2. HP: 21/21 MP: 2/2
   203 | Ossuary  | Reached XP level 3. HP: 24/27 MP: 3/3
   218 | Ossuary  | Reached XP level 4. HP: 14/34 MP: 4/4
   480 | D:5      | HP: 1/34 [ufetubus (2)]
   481 | D:5      | Reached XP level 5. HP: 1/38 MP: 5/5
   481 | D:5      | Succumbed to an adder's poison

Illustrated notes

Levels and vault maps discovered:
D:5:      layout_layer_cave, chequers_ossuary_entry_cave, st_stairs_5,
          hangedman_abyss_or_decor_stabs

Skill      XL: |  1  2  3 |
---------------+----------+-----
Short Blades   | 3 |  3.8
Fighting       | 4 |  4.4
Dodging        | |  2.0
Stealth        | |  6.6

Action                   |  1- 3 |  4- 6 || total
-------------------------+-------+-------++-------
Melee: Short sword       |    30 |     6 ||    36
       Tentacles         |     8 |     1 ||     9
       Constrict         |     2 |     1 ||     3
  Use: Potion            |     1 |     1 ||     2
       Scroll            |     1 |       ||     1
Armor: Skin              |     2 |       ||     2
Dodge: Dodged            |    13 |     8 ||    21

Table legend: (Time is in decaauts)
 A = Elapsed time spent in this place.
 B = Non-inter-level travel time spent in this place.
 C = Inter-level travel time spent in this place.
 D = Time resting spent in this place.
 E = Time spent auto-exploring this place.
 F = Levels seen in this place.
 G = Mean time per level.
                   A        B        C        D        E       F      G
               +--------+--------+--------+--------+--------+-----+--------+
         Total |    459 |    459 |      0 |    159 |      0 |   2 |  229.5 |
       Dungeon |    360 |    360 |      0 |    159 |      0 |   1 |  360.0 |
       Ossuary |     99 |     99 |      0 |      0 |      0 |   1 |   99.0 |
               +--------+--------+--------+--------+--------+-----+--------+

Top non-repeatable levels by time:
     D:5: 360 daAuts
 Ossuary: 99 daAuts
